Map: Dusk Towers

Players

BlackSaxon - Winner!

  • Race: Terran Terran
  • League: Master

Skizzle

  • Race: Protoss Protoss
  • League: Diamond

VOD

Have the link to the VOD?

Description

Time

  • Played on: Jan. 19, 2016, 1:42 a.m.
  • Length: 28:39
Show
View Real Time Build Order
Export as new Build Order

BlackSaxon Terran - Winner!

Build Orders: MMM Bio 

Get SALT Encoding   

  12  0:00  SCV  
  13  0:13  SCV  
  14  0:22  Supply Depot  
  14  0:25  SCV  
  15  0:44  SCV  
  15  0:45  Barracks  
  15  0:48  Refinery  
  16  0:56  SCV  
  17  1:08  SCV  
  18  1:15  Supply Depot  
  18  1:23  SCV  
  19  1:34  Reaper  
  19  1:35  SCV  
  21  1:43  Command Center  
  21  1:55  Bunker  
  21  2:00  Orbital Command  
  20  2:24  Marine  
  20  2:25  Supply Depot  
  20  2:29  SCV  
  22  2:31  Factory  
  22  2:41  SCV  
  23  2:53  SCV  
  23  2:54  Marine  
  25  3:04  SCV  
  25  3:05  SCV  
  27  3:17  SCV  
  28  3:20  Widow Mine  
  28  3:21  Marine  
  28  3:26  Command Center  
  31  3:33  Barracks  
  31  3:39  Marine  
  31  3:46  SCV  
  33  3:51  Refinery, Orbital Command  
  32  4:01  SCV, Starport  
  33  4:08  Barracks Reactor  
  33  4:13  SCV  
  34  4:17  Widow Mine  
  34  4:18  SCV  
  34  4:19  Barracks  
  37  4:25  SCV  
  37  4:26  Marine  
  37  4:30  SCV  
  40  4:37  SCV  
  41  4:38  Medivac  
  41  4:42  SCV, Barracks  
  41  4:43  Orbital Command  
  44  4:46  Barracks Tech Lab  
  44  4:51  Marine  
  44  4:52  Marine  
  46  4:56  SCV x2  
  48  5:04  Barracks  
  48  5:07  Barracks  
  48  5:08  SCV  
  48  5:10  SCV x2  
  48  5:14  Marine x3  
  52  5:17  Barracks Tech Lab  
  52  5:20  Stimpack  
  52  5:21  SCV  
  55  5:22  SCV  
  53  5:29  Marine  
  53  5:31  Marine  
  53  5:32  Marine x2  
  57  5:43  Marine  
  57  5:46  Combat Shields  
  57  5:47  Marine  
  57  5:49  Marine x3  
  62  6:00  Marine  
  62  6:02  Marine x2  
  62  6:03  SCV  
  62  6:04  Orbital Command  
  66  6:05  Marine  
  67  6:13  SCV  
  67  6:15  SCV  
  59  6:44  SCV  
  59  6:45  SCV x2  
  59  6:57  SCV x3  
  59  7:00  Starport Reactor  
  62  7:09  SCV  
  62  7:10  Marine x2  
  62  7:11  Barracks Tech Lab  
  62  7:14  Barracks Reactor  
  65  7:17  Marauder x2  
  69  7:24  Supply Depot  
  69  7:25  Supply Depot  
  69  7:26  Supply Depot  
  69  7:28  Orbital Command  
  69  7:29  Supply Depot  
  69  7:41  Refinery x2, Engineering Bay x2  
  69  7:43  Armory, Barracks Tech Lab  
  69  7:46  SCV x2, Marauder  
  69  7:47  Medivac  
  69  7:48  Medivac  
  69  7:51  Marauder x2, Marine  
  82  7:52  Marine  
  82  7:55  SCV  
  82  7:58  SCV x2  
  86  8:00  Marine x2  
  88  8:06  Marine  
  88  8:07  Marauder  
  88  8:09  Marine  
  88  8:10  Marine  
  88  8:12  Marine  
  94  8:17  Medivac x2, Marauder  
  94  8:18  SCV  
  94  8:19  SCV  
  102  8:20  SCV  
  102  8:23  Marine x2  
  105  8:31  Terran Infantry Weapons Level 1, Terran Infantry Armor Level 1  
  103  8:44  Marine x3  
  103  8:45  Marauder x4, Marine  
  88  8:57  Medivac  
  88  9:02  Marine x4  
  92  9:05  Supply Depot x2  
  92  9:06  Marauder  
  92  9:09  Bunker x2  
  96  9:11  Marauder x3  
  99  9:20  Marine  
  92  9:24  Marine  
  92  9:25  Marine x2  
  92  9:28  Marauder  
  91  9:33  Marauder x3  
  91  9:38  SCV x3, Marine  
  101  9:42  Marine x2, Medivac x2  
  107  9:50  SCV  
  107  9:51  Marauder, Marine  
  111  9:53  Marine  
  111  9:54  Marauder  
  115  10:01  Marine x2  
  115  10:02  Marine  
  118  10:08  Marine  
  118  10:14  Barracks  
  118  10:15  Barracks x2, Marine  
  118  10:16  Marine, Marauder  
  118  10:17  Marine  
  118  10:19  Marine  
  118  10:21  Command Center  
  124  10:33  Refinery  
  124  10:34  Terran Infantry Weapons Level 2, Terran Infantry Armor Level 2  
  124  10:35  Refinery  
  124  10:36  Marine  
  125  10:44  Marauder  
  125  10:45  Marine, Marauder  
  125  10:53  Marine  
  125  11:02  Barracks Tech Lab  
  125  11:03  Barracks Reactor, Barracks Tech Lab  
  125  11:12  Supply Depot x2  
  125  11:14  Supply Depot  
  125  11:32  SCV x2, Marine x2  
  137  11:33  Marine x2, Marauder x4  
  137  11:34  Marauder x2  
  143  11:46  Marine x2  
  143  11:50  Marine x2  
  143  11:51  Marine x2  
  155  11:54  Marauder x4  
  155  11:55  Marauder x2  
  158  12:04  Marine  
  158  12:08  Marine x3  
  147  12:09  Marine  
  152  12:15  Marauder x4  
  152  12:17  Marauder x2  
  153  12:26  Marine x5  
  153  12:27  SCV  
  163  12:37  Marauder x2  
  163  12:42  Factory Reactor  
  163  12:49  Supply Depot  
  163  12:50  Supply Depot x2  
  163  12:51  Supply Depot, Orbital Command  
  163  12:54  Factory  
  164  12:58  Marauder  
  164  13:04  Marauder  
  163  13:06  Marauder  
  150  13:15  Marauder x2, Marine x5  
  150  13:16  Marine, Marauder  
  148  13:20  Marauder  
  148  13:26  Marauder  
  147  13:27  Marauder, Medivac x2  
  147  13:33  Marine  
  154  13:37  Marine, Marauder x2  
  154  13:38  Marine x3  
  162  13:46  Terran Infantry Weapons Level 3  
  162  13:49  Terran Infantry Armor Level 3  
  162  13:53  Widow Mine  
  162  13:54  Widow Mine  
  166  13:57  Medivac x2  
  166  14:02  Factory Reactor  
  170  14:11  Concussive Shells  
  170  14:23  Ghost Academy  
  170  14:40  Marauder x2, Marine x2  
  170  14:45  Widow Mine x2  
  176  14:46  Widow Mine x2  
  184  14:57  Barracks  
  184  14:58  Barracks  
  184  14:59  Command Center  
  184  15:00  Command Center  
  184  15:07  Medivac x2  
  184  15:09  Terran Vehicle And Ship Armor Level 1  
  184  15:11  Ghost  
  184  15:13  Widow Mine  
  184  15:14  Widow Mine  
  190  15:15  Widow Mine x2  
  192  15:37  Medivac  
  192  15:42  Widow Mine x2  
  196  16:10  Widow Mine  
  163  16:31  Marauder x2, Marine x4  
  163  16:32  Marauder x2  
  149  16:37  Marine x2  
  149  16:38  Marauder x2  
  153  16:49  Medivac x2, Marine x4  
  153  16:52  Barracks Tech Lab x2  
  153  16:53  Marauder x4  
  168  16:55  Marine  
  168  16:57  Barracks, Marine  
  168  16:58  Barracks  
  168  16:59  Marauder x2  
  172  17:14  Marauder  
  174  17:19  Medivac x2  
  176  17:35  Marauder, Marine x5  
  176  17:36  Marine, Marauder x5  
  192  17:40  Orbital Command  
  192  17:42  Orbital Command  
  192  17:49  Medivac  
  190  17:53  Marine x3  
  190  17:57  Marauder x4  
  190  17:58  Marauder x2, Marine x3  
  200  17:59  Widow Mine x2  
  189  18:12  Marine x2  
  189  18:13  Widow Mine x2, Marauder x2  
  199  18:23  Marine  
  200  18:35  Terran Vehicle And Ship Armor Level 2  
  191  19:00  Marine x3  
  191  19:01  Marauder x4, Marine  
  145  19:04  Marine  
  145  19:05  Marauder x3, Marine x2  
  146  19:18  Marine x4  
  146  19:22  Marine x2, Marauder x3  
  146  19:23  Marauder x2  
  162  19:26  Marauder x2, Marine  
  167  19:36  Marine x4  
  166  19:40  Marine x2  
  166  19:43  Marauder, Medivac x2  
  166  19:44  Marauder x2  
  171  19:54  Marauder, Marine x3  
  171  19:55  Marauder x2  
  147  20:08  Marauder x2, Marine x2  
  147  20:11  Marine x2  
  147  20:12  Marauder x2  
  143  20:14  Marine x2  
  143  20:16  Marauder x2  
  147  20:26  Marauder, Marine x3  
  147  20:27  Medivac  
  147  20:28  Medivac  
  143  20:39  Marauder, Marine x3  
  143  20:40  Marauder x2  
  152  20:46  Marine  
  152  20:47  Marauder, Marine  
  144  20:55  Marine  
  144  20:56  Marauder x2  
  149  21:01  Widow Mine x2  
  149  21:02  Widow Mine  
  155  21:11  Orbital Command  
  155  21:19  Medivac x2  
  155  21:20  Widow Mine  
  155  21:21  Marine  
  162  21:31  Widow Mine  
  144  21:46  Marauder x2, Marine x5  
  144  21:47  Marine, Marauder x2  
  144  21:53  Marauder, Marine x3  
  150  22:02  Medivac x2  
  150  22:04  Marine  
  155  22:15  Barracks Reactor  
  155  22:16  Barracks Reactor  
  149  22:32  Medivac  
  149  22:36  Marauder x2, Marine x2  
  135  23:04  Marine  
  135  23:05  Marauder x5, Marine x6  
  150  23:06  Marine x2, Marauder x3  
  150  23:07  Marine  
  157  23:22  Marine x2  
  157  23:23  Marine x3  
  157  23:26  Command Center, Marauder  
  164  23:27  Marine x5  
  164  23:28  Marine x4  
  173  23:41  Command Center  
  173  23:42  Marauder, Marine x4  
  173  23:43  Marauder x2  
  173  23:46  Marauder  
  185  24:02  Marine x3  
  186  24:03  Marine x4  
  192  24:27  Medivac x2  
  192  24:28  Widow Mine x2  
  200  25:21  Orbital Command  
  197  25:41  Marine  
  197  25:42  Marine x5  
  193  25:49  Marine x3  
  157  26:16  Marauder x2, Marine x5  
  157  26:17  Marauder x2  
  135  26:22  Marine x2  
  135  26:23  Marauder x3  
  124  26:27  Marauder, Marine x2  
  119  26:36  Marine x2  
  119  26:37  Marine  
  119  26:38  Marauder x4  
  121  26:40  Marine x2  
  121  26:42  Marine  
  121  26:44  Marauder x3  
  121  26:45  Marine  
  125  26:49  Marauder  
  124  26:54  Marine x2  
  124  26:55  Marine  
  124  26:58  Marine x2  
  124  26:59  Marauder x3  
  124  27:00  Marine, Marauder  
  138  27:02  Marine  
  138  27:05  Marauder  
  138  27:06  Marauder x2  
  145  27:10  Marauder  
  145  27:12  Marine x3  
  150  27:20  Marauder  
  150  27:21  Marauder x2  
  156  27:29  Marauder, Marine x2  
  155  27:33  Marine  
  155  27:34  Marauder x3, Marine  
  159  27:38  Marauder, Marine x3  
  159  27:42  Marauder x3  
  148  27:47  Marine x2  
  148  27:51  Marine, Marauder  
  136  27:55  Marauder, Orbital Command  
  136  27:56  Marine x3, Marauder x2  
  136  27:57  Marine  
  144  28:00  Marauder  
  144  28:03  Marauder x3  
  144  28:04  Missile Turret, Marine  
  144  28:05  Marine  
  152  28:09  Marine  
  152  28:12  Marauder  
  151  28:14  Marine x4  
  151  28:16  SCV x5  
  151  28:17  Marauder x2  
  151  28:18  Marauder  
Show
View Real Time Build Order
Export as new Build Order

Skizzle Protoss 

Build Orders:  

Get SALT Encoding   

  12  0:01  Probe (Chrono Boost)  
  13  0:11  Probe (Chrono Boost)  
  14  0:18  Pylon  
  14  0:23  Probe (Chrono Boost)  
  15  0:36  Probe (Chrono Boost)  
  15  0:37  Gateway  
  16  0:46  Probe (Chrono Boost)  
  16  0:49  Assimilator  
  17  0:54  Assimilator  
  18  0:57  Probe (Chrono Boost)  
  18  1:07  Probe (Chrono Boost)  
  18  1:08  Pylon  
  19  1:18  Probe (Chrono Boost)  
  20  1:26  Cybernetics Core  
  21  1:32  Probe (Chrono Boost)  
  21  1:42  Gateway  
  21  1:45  Probe (Chrono Boost)  
  22  1:56  Probe (Chrono Boost)  
  23  2:02  Adept (Chrono Boost)  
  23  2:07  Mothership Core (Chrono Boost)  
  27  2:15  Warp Gate  
  27  2:28  Adept (Chrono Boost)  
  29  2:35  Nexus  
  29  2:50  Probe  
  30  2:59  Pylon  
  30  3:03  Robotics Facility  
  30  3:18  Twilight Council  
  30  3:24  Probe (Chrono Boost)  
  31  3:30  Sentry, Adept  
  35  3:35  Probe (Chrono Boost)  
  36  3:41  Pylon  
  36  3:45  Probe (Chrono Boost)  
  36  3:52  Probe (Chrono Boost)  
  36  3:54  Resonating Glaives (Chrono Boost)  
  37  3:56  Probe (Chrono Boost)  
  37  4:00  Warp Prism  
  40  4:10  Probe  
  40  4:12  Probe  
  42  4:21  Probe  
  43  4:26  Gateway  
  43  4:34  Forge  
  43  4:37  Observer  
  44  4:41  Probe  
  44  4:42  Probe  
  46  4:51  Probe  
  46  4:54  Probe  
  46  4:55  Pylon  
  46  4:58  Immortal  
  52  5:08  Probe  
  52  5:10  Protoss Ground Weapons Level 1  
  52  5:13  Pylon  
  53  5:17  Gateway  
  53  5:30  Adept x3  
  53  5:34  Probe  
  60  5:37  Immortal (Chrono Boost)  
  64  5:52  Adept x3  
  70  6:03  Probe  
  70  6:04  Probe  
  72  6:15  Immortal (Chrono Boost)  
  72  6:17  Nexus  
  76  6:20  Pylon  
  68  6:46  Adept  
  68  6:47  Adept x3  
  72  6:49  Probe  
  72  6:50  Probe  
  78  6:55  Assimilator  
  78  6:56  Photon Cannon  
  78  6:57  Photon Cannon  
  82  7:01  Immortal (Chrono Boost)  
  82  7:02  Probe  
  82  7:06  Forge  
  83  7:09  Templar Archives  
  83  7:12  Assimilator  
  83  7:13  Probe  
  83  7:15  Probe, Pylon  
  85  7:21  Protoss Ground Weapons Level 2 (Chrono Boost)  
  85  7:29  Probe x2  
  85  7:30  Probe  
  88  7:40  Probe, Pylon  
  88  7:41  Adept x2  
  93  7:44  Adept  
  95  7:53  Immortal (Chrono Boost)  
  99  7:59  Protoss Ground Armor Level 1 (Chrono Boost)  
  99  8:05  Adept x2  
  103  8:15  Assimilator  
  103  8:21  Probe  
  103  8:22  Probe  
  103  8:25  Pylon  
  105  8:30  Assimilator  
  105  8:31  Pylon  
  105  8:34  Pylon  
  105  8:39  Pylon  
  99  8:43  Pylon  
  87  8:52  Adept x4  
  95  9:03  Immortal  
  95  9:06  Gateway  
  95  9:07  Gateway  
  95  9:16  Gateway  
  93  9:18  Gateway x2  
  81  9:30  Adept  
  81  9:31  Adept x3  
  83  9:34  Protoss Ground Weapons Level 3 (Chrono Boost)  
  83  9:35  Psionic Storm  
  85  9:47  Protoss Ground Armor Level 2 (Chrono Boost)  
  85  9:53  Gateway  
  85  10:04  Immortal  
  87  10:08  High Templar x2  
  87  10:09  High Templar x2  
  95  10:16  Adept x2  
  99  10:22  Archon x2  
  99  10:31  Charge  
  99  10:36  Adept  
  99  10:37  Adept x2  
  99  10:39  Immortal  
  105  10:47  Adept x3  
  105  10:48  Adept  
  111  10:56  High Templar x2  
  111  10:57  High Templar  
  115  11:08  Zealot x2, Pylon  
  115  11:09  Zealot  
  121  11:11  Adept  
  121  11:15  Probe x3  
  126  11:19  Observer  
  127  11:30  Probe x3  
  130  11:38  Observer  
  130  11:41  Nexus  
  130  11:42  Probe  
  132  11:48  High Templar x3  
  132  11:51  High Templar  
  140  11:56  Observer  
  140  11:57  High Templar  
  140  11:58  Zealot x4  
  140  12:09  Archon  
  132  12:18  Immortal  
  129  12:24  Adept x3  
  129  12:25  Adept x3  
  145  12:39  Protoss Ground Armor Level 3 (Chrono Boost)  
  145  12:46  Probe x2  
  147  12:52  Warp Prism  
  127  13:23  Immortal  
  125  13:28  Adept x2  
  125  13:29  Adept x5  
  143  13:50  Nexus  
  143  13:52  Pylon  
  143  13:53  High Templar x3  
  143  13:54  High Templar  
  151  13:58  Immortal, Archon  
  153  14:12  Zealot  
  153  14:13  Zealot x4  
  163  14:22  Protoss Shields Level 1 (Chrono Boost)  
  163  14:27  High Templar  
  165  14:49  Pylon  
  165  14:50  Pylon  
  165  14:52  Pylon  
  165  14:55  Pylon  
  165  14:58  Pylon  
  165  15:01  Probe  
  165  15:05  Zealot x6  
  165  15:06  Zealot  
  180  15:20  High Templar  
  180  15:21  High Templar  
  184  15:24  Zealot  
  186  15:32  Assimilator  
  186  15:37  Assimilator  
  186  15:39  Pylon  
  172  15:53  Archon x2  
  172  15:55  Zealot x2  
  172  15:56  Zealot x6  
  188  15:57  Zealot  
  190  16:06  Protoss Shields Level 2 (Chrono Boost)  
  190  16:09  Dark Shrine  
  190  16:18  High Templar x3  
  186  16:19  Zealot  
  186  16:20  Zealot  
  176  16:28  Archon  
  160  16:38  Zealot x3  
  160  16:39  Zealot x2  
  166  16:50  High Templar x2  
  166  16:51  Zealot x2, High Templar  
  176  17:00  Archon  
  176  17:05  Observer  
  175  17:08  Zealot  
  175  17:09  Zealot x4  
  185  17:24  Observer  
  169  17:38  Stalker x5  
  169  17:42  Observer  
  168  17:55  High Templar  
  168  17:56  Zealot x4  
  168  18:01  Observer  
  168  18:04  Zealot  
  168  18:05  Zealot x4  
  171  18:19  Observer  
  171  18:20  Zealot, High Templar x2  
  171  18:21  Zealot  
  154  18:59  Zealot x3  
  154  19:00  Zealot  
  154  19:01  Archon x3  
  150  19:09  High Templar  
  150  19:10  Zealot x3, High Templar x2  
  149  19:35  Zealot x2  
  149  19:36  Zealot x5  
  157  19:44  High Templar x2  
  157  19:45  Zealot  
  161  19:56  Assimilator  
  155  20:00  Gateway  
  129  20:07  Zealot  
  129  20:08  Zealot x6  
  129  20:13  Archon x2  
  127  20:26  High Templar  
  127  20:27  Zealot x3  
  127  20:28  High Templar x2  
  115  20:50  High Templar  
  115  20:51  Zealot x2, High Templar  
  115  20:52  Zealot  
  109  21:09  High Templar  
  109  21:11  High Templar  
  113  21:16  Zealot  
  115  21:31  High Templar  
  115  21:32  Zealot x3  
  117  21:40  Zealot x2  
  109  22:00  Zealot x2  
  109  22:01  Zealot x2  
  117  22:24  Nexus  
  111  22:36  Zealot x3  
  101  22:51  Zealot x2  
  101  22:55  Archon x2  
  88  22:59  Zealot  
  77  24:00  High Templar x2  
  81  24:03  Pylon  
  81  24:13  Zealot x3  
  87  24:31  Assimilator  
  87  24:32  Assimilator  
  87  24:40  Zealot x2  
  91  24:48  Zealot x3  
  97  25:17  High Templar  
  97  25:18  Zealot x5  
  103  25:38  Zealot x2  
  103  25:39  Zealot x2  
  107  25:53  Zealot x3  
  71  26:19  Archon  
  71  26:23  Zealot x4  
  71  26:24  Zealot x2  
  63  26:38  High Templar x2  
  55  26:48  High Templar  
  55  26:49  Zealot x4  
  55  26:52  Zealot  
  63  27:04  Dark Templar  
  65  27:11  Zealot x2  
  69  27:26  Observer  
  58  27:37  Zealot x4  
  58  27:38  Zealot  
  66  27:44  Archon  
  62  27:55  Zealot, High Templar  
  62  27:56  Zealot  
  45  28:03  Zealot  
  45  28:26  Zealot  
Tags
 
Add a new tag
Caveats
  • Supply blocks, unpowered buildings, or Contaminate may cause inaccurate times.
  • Supply counts are checked every 10 seconds.